AoeStats
← jphilkill

Black Forest

509378238Analyzed
4v4 RM · 5d ago on Sep 26, 2026· 48m 4s· 8 players
Game mode
Random Map
Map size
Large (8 player)
Population
200
Speed
Normal
Resources
Standard
Victory
Conquest
Starting age
Dark Age
Ending age
Imperial Age
RankedLock teamsTeams togetherTeam positionsShared explorationLock speedFull tech treeHidden civsTurbo modeCheats
Victory
Defeat
🇪🇸 Italians · Spain
894
+13
🇵🇰 Jurchens · Pakistan
880
+14
🇩🇪 Celts · Germany
841
+15
🇹🇷 Britons · Türkiye
813
+16
🇯🇵 Celts · Japan
845
-15
🇸🇦 Mongols · Saudi Arabia
830
-15
🇨🇳 Franks · China
823
-14
🇨🇳 Bengalis · China
817
-14
xTc
9:59 Feudal Age
15:00 Castle Age
16:18 Horse Collar
16:33 Double-Bit Axe
21:05 Bow Saw
20:57 Heavy Plow
21:42 Gold Mining
21:48 Stone Mining
22:18 Loom
30:25 Ballistics
30:02 Fletching
30:15 Padded Archer Armor
34:38 Imperial Age
33:03 Gold Shaft Mining
33:03 Stone Shaft Mining
34:53 Bodkin Arrow
35:56 Caravan
36:27 Coinage
35:52 Elite Mangudai
36:45 Heavy Camel Rider
39:19 Scale Barding Armor
39:15 Bracer
39:27 Forging
44:37 Husbandry
43:58 Cavalier
kokokun
1:44 Loom
13:31 Feudal Age
17:41 Castle Age
16:17 Gold Mining
16:11 Horse Collar
16:21 Double-Bit Axe
18:24 Wheelbarrow
19:24 Bow Saw
19:24 Heavy Plow
23:23 Stone Mining
24:18 Fishing Lines
26:25 Hand Cart
26:42 Scale Mail Armor
26:52 Forging
26:35 Gambesons
26:10 Pikeman
29:43 Stone Shaft Mining
29:50 Gold Shaft Mining
29:11 Pikeman
34:13 Imperial Age
33:36 Arson
34:09 Chain Mail Armor
34:05 Forging
35:17 Furor Celtica
36:54 Onager
39:29 Siege Onager
42:26 Chemistry
41:47 Ballistics
41:33 Siege Engineers
48:10 Plate Mail Armor
48:10 Town Watch
wkn
4:53 Loom
12:28 Feudal Age
12:59 Horse Collar
14:14 Double-Bit Axe
16:40 Gold Mining
18:12 Fletching
18:21 Town Watch
21:18 Castle Age
19:48 Padded Archer Armor
19:42 Stone Mining
21:51 Forging
21:43 Scale Mail Armor
22:35 Bow Saw
22:31 Heavy Plow
24:11 Bodkin Arrow
24:32 Leather Archer Armor
25:02 Leather Archer Armor
29:45 Iron Casting
29:26 Chain Mail Armor
32:48 Scale Barding Armor
32:24 Man-at-Arms
32:25 Pikeman
36:08 Gold Shaft Mining
35:44 Arson
36:00 Squires
38:41 Imperial Age
36:50 Wheelbarrow
36:17 Town Patrol
37:21 Paiks
38:28 Hand Cart
39:27 Chain Barding Armor
39:44 Onager
40:00 Halberdier
Noob.
0:48 Loom
19:41 Feudal Age
23:33 Double-Bit Axe
27:40 Castle Age
25:33 Gold Mining
25:57 Forging
26:46 Scale Barding Armor
28:09 Pikeman
Subbotai00
0:27 Loom
18:20 Feudal Age
18:50 Double-Bit Axe
23:34 Castle Age
22:02 Horse Collar
25:22 Padded Archer Armor
25:24 Scale Mail Armor
31:52 Wheelbarrow
32:44 Bow Saw
33:35 Ballistics
36:10 Leather Archer Armor
36:11 Chain Mail Armor
39:45 Imperial Age
40:40 Husbandry
40:50 Bloodlines
43:07 Chemistry
44:37 Hand Cart
44:10 Town Watch
48:00 Elite Genoese Crossbowman
ryioze
12:48 Feudal Age
13:21 Double-Bit Axe
13:20 Horse Collar
14:36 Fishing Lines
15:06 Gold Mining
15:28 Loom
20:10 Castle Age
18:15 Stone Mining
21:16 Bow Saw
23:30 Heavy Plow
25:37 Gold Shaft Mining
26:17 Fletching
27:16 Gillnets
28:51 Coinage
30:07 Yeomen
31:10 Bodkin Arrow
31:15 Padded Archer Armor
34:44 Imperial Age
33:52 Leather Archer Armor
34:01 Ballistics
33:21 Treadmill Crane
33:52 Masonry
34:45 Elite Longbowman
35:44 Bracer
36:15 Ring Archer Armor
36:49 Chemistry
35:55 Siege Engineers
35:37 Arrowslits
36:14 Town Watch
37:04 Wheelbarrow
37:34 Two-Man Saw
45:11 Warwolf
45:32 Conscription
jphilkill
1:23 Loom
12:30 Feudal Age
18:46 Castle Age
16:28 Horse Collar
16:37 Double-Bit Axe
17:11 Gold Mining
17:16 Stone Mining
17:11 Fishing Lines
20:07 Wheelbarrow
20:07 Gillnets
20:44 Bow Saw
22:21 Pikeman
23:54 Heavy Plow
27:54 Hand Cart
30:14 Gold Shaft Mining
30:16 Stone Shaft Mining
33:24 Scale Mail Armor
33:34 Forging
33:30 Scale Barding Armor
36:00 Caravan
39:19 Imperial Age
40:43 Heavy Scorpion
41:49 Conscription
41:41 Furor Celtica
41:42 Siege Engineers
42:38 Chemistry
41:59 Ballistics
41:35 Fletching
41:45 Padded Archer Armor
42:21 Iron Casting
42:01 Chain Mail Armor
43:09 Onager
43:36 Cavalier
44:16 Husbandry
44:38 Chain Barding Armor
45:29 Capped Ram
46:57 Siege Ram
ALAM-THE-GHAZAI
13:19 Feudal Age
15:47 Town Watch
18:16 Wheelbarrow
19:14 Fishing Lines
23:07 Castle Age
28:28 Treadmill Crane
29:41 Fortified Wall
34:12 Imperial Age
32:20 Masonry
33:37 Forging
34:09 Fletching
35:19 Iron Casting
35:09 Hand Cart
35:19 Guilds
35:10 Caravan
35:42 Coinage
35:04 Double-Bit Axe
35:44 Siege Engineers
36:05 Bow Saw
37:21 Chemistry
37:03 Heavy Rocket Cart
37:55 Gold Mining
37:55 Stone Mining
39:12 Town Patrol
39:48 Architecture
40:14 Gold Shaft Mining
40:14 Stone Shaft Mining
44:14 Blast Furnace
43:14 Scale Mail Armor
43:09 Bodkin Arrow
43:15 Padded Archer Armor
46:23 Two-Man Saw
46:40 Ballistics
Connection lost

Rejoining the realm…

Still unreachable

The connection could not be restored.

Session expired

The server has moved on; the page needs a fresh start.